 Dungeon Crawl Stone Soup version 0.31.0-12-g77e489cdc1 (webtiles) character file.

Game seed: 9280856344797946150

160 BigDaddyOpFi the Trooper (level 5, -9/37 HPs)
             Began as an Octopode Fighter on Feb 22, 2024.
             Mangled by an iguana (14 damage)
             ... on level 4 of the Dungeon.
             The game lasted 00:03:07 (2634 turns).

BigDaddyOpFi the Trooper (Octopode Fighter)         Turns: 2634, Time: 00:03:07

Health: -9/37      AC:  1    Str: 15    XL:     5   Next: 41%
Magic:  5/5        EV: 13    Int: 11    God:
Gold:   132        SH:  5    Dex: 13    Spells: 4/4 levels left

rFire   + .          .
                       - Unarmed
rCold   . . .        a - +0 buckler
rNeg    . . .        (helmet restricted)
rPois   .            (no amulet)
rElec   .            i - ring of protection from fire
rCorr   .            (no ring)
SInv    .            (no ring)
Will    .....        (no ring)
Stlth   ++           (no ring)
HPRegen 0.26/turn    (no ring)
MPRegen 0.09/turn    (no ring)
                     (no ring)

%: no passive effects
@: no status effects
A: almost no armour, amphibious, 8 rings, camouflage 1, gelatinous body 1,
(nimble swimmer 1), tentacles
a: no special abilities


You were on level 4 of the Dungeon.
You visited 1 branch of the dungeon, and saw 4 of its levels.

You collected 132 gold pieces.

Inventory:

Missiles
 j - a throwing net
 m - a javelin (quivered)
Armour
 a - a +0 buckler (worn)
Jewellery
 i - a ring of protection from fire (left tentacle)
 p - an amulet of guardian spirit
Scrolls
 d - 2 scrolls of teleportation
 k - a scroll of fog
 l - a scroll of blinking
 o - 2 scrolls of poison
Potions
 b - 3 potions of might
 c - a potion of degeneration {unknown}
 e - 2 potions of heal wounds
 f - 2 potions of berserk rage
 g - a potion of mutation {unknown}
 n - a potion of attraction {unknown}


   Skills:
 + Level 3.7 Fighting
 + Level 1.1 Throwing
 + Level 3.6 Dodging
 + Level 3.6 Shields
 * Level 3.6 Unarmed Combat


You had 4 spell levels left.
You didn't know any spells.
Your spell library contained the following spells:

 Spells                   Type           Power      Damage    Failure   Level
 Summon Blazeheart Golem  Fire/Summ      0%         N/A       99%         4
 Orb of Destruction       Conj           0%         9d5       100%        7
 Spellforged Servitor     Conj/Summ      0%         N/A       100%        7


Dungeon Overview and Level Annotations

Branches:
Dungeon (4/15)
 Temple: D:4-7

Altars:


Innate Abilities, Weirdness & Mutations

You cannot wear most types of armour.
You are amphibious.
You can wear up to eight rings at the same time.
Your skin changes colour to match your surroundings (Stealth+).
Your rubbery body absorbs attacks. (AC +1, EV +1)
((You are camouflaged when in or above water. (Stealth+)))
You have tentacles for arms and can constrict up to eight enemies at once.


Message History

You tentacle-slap the iguana but do no damage.
You grab the iguana.
The iguana is moderately wounded.
You constrict the iguana, but do no damage.
You block the goblin's attack. The iguana closely misses you.
You tentacle-slap the iguana but do no damage.
The iguana is moderately wounded.
You constrict the iguana, but do no damage.
The goblin hits you with a +0 dagger. The iguana bites you.
You tentacle-slap the iguana but do no damage.
The iguana is moderately wounded.
You constrict the iguana, but do no damage.
The bombardier beetle completely misses you.
The goblin hits you with a +0 dagger. The iguana closely misses you.
You tentacle-slap the iguana.
You squeeze the iguana, but do no damage.
The iguana is moderately wounded.
You constrict the iguana, but do no damage.
The goblin hits you with a +0 dagger. The iguana closely misses you.
You tentacle-slap the iguana.
The iguana is heavily wounded.
You constrict the iguana. The bombardier beetle bites you.
The goblin hits you with a +0 dagger. The iguana bites you!
* * * LOW HITPOINT WARNING * * *
You release your grip on the iguana.
Throw: 2 javelins
Press: ? - help, Q - select action, (/) - cycle Shift-Dir - straight line, f - goblin
Aim: a goblin, wielding a +0 dagger (45% to hit)
You throw a javelin.
The javelin completely misses the goblin.
The iguana bites you.
* * * LOW HITPOINT WARNING * * *
The goblin hits you with a +0 dagger.
* * * LOW HITPOINT WARNING * * *
The iguana attacks as it pursues you!
The iguana bites you but does no damage.
The goblin attacks as it pursues you! The goblin hits you with a +0 dagger.
* * * LOW HITPOINT WARNING * * *
The iguana attacks as it pursues you! The iguana bites you!
You die...

...........$.... .
#............... #.#.
#............
.#.###.[.........
..(##.......###+
...#.B....## #.
#..#......# #..
##.##.g....# .###..
#.†@l†.....+ ......
###.##......#
......##...##......#
..........##...#...#
........####..##....#
........###...# ..##.
>........##...###..
..............#.#
.......#...#....##


You could see an iguana and a goblin.

Vanquished Creatures
  An orc priest (D:3)
  An orc wizard (D:2)
  4 adders (D:2)
  2 ufetubi (D:3)
  A ribbon worm (D:3)
  A dart slug (D:4)
  6 orcs
  6 ball pythons
  3 endoplasms
  A giant cockroach (D:4)
  4 goblins
  3 hobgoblins
  2 jackals (D:2)
  3 kobolds
  2 quokkas
  5 bats
  A frilled lizard (D:2)
  6 rats
52 creatures vanquished.

Notes
Turn   | Place    | Note
-------+----------+-------------------------------------------
     0 | D:1      | BigDaddyOpFi the Octopode Fighter began the quest for the
                  | Orb.
     0 | D:1      | Reached XP level 1. HP: 16/16 MP: 1/1
   652 | D:2      | Reached XP level 2. HP: 21/21 MP: 2/2
   822 | D:2      | Reached XP level 3. HP: 25/26 MP: 3/3
  1049 | D:2      | Found a faded altar of an unknown god.
  1049 | D:2      | Found a faded altar of an unknown god.
  1147 | D:2      | Reached XP level 4. HP: 31/31 MP: 4/4
  2045 | D:3      | Reached skill level 1 in Throwing
  2045 | D:3      | Reached XP level 5. HP: 35/36 MP: 5/5
  2634 | D:4      | Mangled by an iguana

Illustrated notes

Levels and vault maps discovered:
D:1:      dpeg_arrival_refuge, layout_loops_ring, wad_floor_pattern_untrapped,
          chequers_serial_rivers_marsh
D:2:      layout_basic, hellmonk_ecumenical_altar_the_god_not_taken
D:3:      layout_rooms, serial_glass, glass_columns_a, glass_columns_a
D:4:      layout_cave_pools, kennysheep_flooded_box, minmay_strange_pillars

Skill      XL: |  1  2  3  4 |
---------------+-------------+-----
Unarmed Combat | 3 |  3.6
Throwing       | 1 |  1.1
Fighting       | |  3.7
Dodging        | |  3.6
Shields        | |  3.6

Action                     |  1- 3 |  4- 6 || total
---------------------------+-------+-------++-------
  Melee: Unarmed           |    60 |    74 ||   134
         Constrict         |    10 |    17 ||    27
         Tentacles         |     8 |    14 ||    22
         Punch             |     1 |     2 ||     3
  Throw: Javelin           |     1 |    13 ||    14
    Use: Scroll            |     4 |     3 ||     7
         Potion            |     1 |       ||     1
   Stab: Sleeping          |     3 |     3 ||     6
 Armour: Skin              |    19 |    47 ||    66
  Dodge: Dodged            |    34 |    60 ||    94
  Block: Buckler           |     8 |    20 ||    28
